 Dungeon Crawl Stone Soup version 0.26-a0-812-g31a745ddcd (webtiles) character file.

Game seed: 18425586677581783529

3735 raph the Slinger (level 10, -1/65 HPs)
             Began as a Halfling Hunter on Nov 30, 2020.
             Was a Priest of Nemelex Xobeh.
             Slain by an unseen horror (7 damage)
             ... on level 9 of the Dungeon.
             The game lasted 00:25:08 (10261 turns).

raph the Slinger (Halfling Hunter)                 Turns: 10261, Time: 00:25:09

Health: -1/65      AC:  9    Str: 13    XL:     10   Next: 37%
Magic:  13/13      EV: 19    Int:  9    God:    Nemelex Xobeh [***...]
Gold:   481        SH:  0    Dex: 19    Spells: 9/9 levels left

rFire    . . .     SeeInvis .   b - +2 dagger (drain)
rCold    . . .     Faith    .   (shield restricted)
rNeg     + . .     Spirit   .   j - +0 steam dragon scales
rPois    .         Reflect  .   (no helmet)
rElec    .         Harm     .   (no cloak)
rCorr    .         Rampage  .   k - +0 pair of gloves
MR       .....                  K - +2 pair of boots {Stlth+}
Stlth    ++++++....             f - amulet of magic regeneration
HPRegen  0.20/turn              r - ring of stealth
MPRegen  0.38/turn              H - ring of positive energy

@: no status effects
A: small, mutation resistance 1
a: Draw Escape, Draw Destruction, Draw Summoning, Triple Draw, Renounce Religion


You were on level 9 of the Dungeon.
You worshipped Nemelex Xobeh.
Nemelex Xobeh was most pleased with you.
You visited 1 branch of the dungeon, and saw 9 of its levels.
You also visited: Ossuary.

You collected 541 gold pieces.
You spent 60 gold pieces at shops.

Inventory:

Hand Weapons
 a - a +2 hunting sling
 b - a +2 dagger of draining (weapon)
 g - a +0 short sword
Missiles
 d - 69 sling bullets
 e - 293 stones (quivered)
 i - 3 atropa-tipped darts
 m - 21 poisoned darts
Armour
 c - a +0 leather armour
 j - +0 steam dragon scales (worn)
 k - a +0 pair of gloves (worn)
 K - a +2 pair of boots of stealth (worn)
Jewellery
 f - an amulet of magic regeneration (around neck)
 r - a ring of stealth (left hand)
 s - an uncursed ring of fire
 H - a ring of positive energy (right hand)
Wands
 x - a wand of digging (10)
 y - a wand of random effects (23)
 A - a wand of flame (22)
 C - a wand of enslavement (7)
 J - a wand of iceblast (11)
Scrolls
 h - 5 scrolls of remove curse
 p - 3 scrolls of teleportation
 t - 3 scrolls of amnesia
 D - a scroll of magic mapping
 F - 2 scrolls of identify
Potions
 l - a potion of cancellation
 n - 6 potions of curing
 o - 2 potions of resistance
 q - a potion of mutation
 u - 4 potions of haste
 v - 2 potions of flight
 w - a potion of degeneration
 z - 2 potions of brilliance {unknown}
 B - a potion of heal wounds {unknown}
 E - a potion of lignification {unknown}
Miscellaneous
 I - a condenser vane


   Skills:
 + Level 4.8 Fighting
 * Level 8.3 Short Blades
 * Level 11.7 Slings
 + Level 6.0 Dodging
 + Level 6.2 Stealth
 + Level 4.9 Invocations


You had 9 spell levels left.
You didn't know any spells.
Your spell library contained the following spells:

 Spells                   Type           Power        Failure   Level
 Sandblast                Erth           #.....       38%         1
 Passwall                 Tmut/Erth      #.......     52%         2
 Stone Arrow              Conj/Erth      #.....       77%         3
 Petrify                  Tmut/Erth      #.......     99%         4
 Lee's Rapid Deconstruct  Erth           #.........   100%        5


Dungeon Overview and Level Annotations

Branches:
Dungeon (9/15)             Temple (0/1) D:6         Ossuary (visited)
   Lair: D:8-11         Orc: D:9-12

Altars:
Ashenzari
Fedhas
Hepliaklqana
Makhleb
Nemelex Xobeh
Sif Muna
Uskayaw
Yredelemnul
Beogh

Shops:
D:5 ?   D:6 }

Annotations:
D:7 Harold
D:8 2 transporters


Innate Abilities, Weirdness & Mutations

You are small and have problems with some larger weapons.
You are somewhat resistant to further mutation.


Message History

There is an open door here.
Something hits you but does no damage. Something hits you.
* * * LOW HITPOINT WARNING * * *
Something hits you but does no damage. Something misses you.
Something hits you.
* * * LOW HITPOINT WARNING * * *
Something hits you but does no damage. Something hits you.
* * * LOW HITPOINT WARNING * * *
Something hits you.
* * * LOW HITPOINT WARNING * * *
Something hits you.
* * * LOW HITPOINT WARNING * * *
There is a stone staircase leading up here.
You feel better. Something hits you.
* * * LOW HITPOINT WARNING * * *
Something hits you!
You die...
Your body glows slightly and disappears.

#.# ##.# #.# #.#
####.## ##.########
......# #.........#
......# #.........#
>.....#### #.........#
........<###.........#
......##..##.........#
......###.##....@....#
......# #.##.........#
......# #............#
......# ####.........#
####.## ####.######
###..# #.# #...## #.##
#.### #..### #'###
##...#


There were no monsters in sight!

Vanquished Creatures
  Maggie (D:6)
  Prince Ribbit (D:8)
  Grinder (D:6)
  Sigmund (D:6)
  Menkaure (D:6)
  2 water moccasins (D:9)
  2 ice beasts
  An orc warrior (D:8)
  A black bear (D:9)
  3 phantoms
  3 ogres
  3 centaurs
  3 elf zombies (Ossuary)
  Blork the orc (D:4)
  A gnoll sergeant (D:8)
  A howler monkey (D:4)
  2 bullfrog zombies
  2 quasits
  A jelly (D:9)
  2 centaur zombies (Ossuary)
  4 hounds
  3 orc wizards
  An orc priest (D:3)
  A gnoll shaman (D:4)
  A human zombie (Ossuary)
  A bullfrog skeleton (D:3)
  An iguana (D:2)
  7 worker ants
  2 mummies (Ossuary)
  A worker ant zombie (D:8)
  8 gnolls
  12 adders
  A shadow imp (D:9)
  2 white imps
  An ufetubus (D:6)
  4 adder skeletons
  An adder zombie (Ossuary)
  2 worms
  A dart slug (D:1)
  9 leopard geckos
  7 orcs
  2 ball pythons
  4 giant cockroaches
  4 goblins (D:1)
  8 hobgoblins
  8 jackals
  3 quokkas
  7 bats
  7 frilled lizards
  8 hobgoblin zombies (Ossuary)
  3 jackal zombies (Ossuary)
  6 kobolds
  5 kobold zombies (Ossuary)
  A leopard gecko skeleton (D:5)
  13 orc zombies (Ossuary)
  A quokka zombie (D:6)
  6 rats
  A rat zombie (Ossuary)
190 creatures vanquished.

Vanquished Creatures (others)
  An orc (D:7)
  9 plants (D:7)
10 creatures vanquished.

Grand Total: 200 creatures vanquished

Notes
Turn   | Place    | Note
-------+----------+-------------------------------------------
     0 | D:1      | raph the Halfling Hunter began the quest for the Orb.
     0 | D:1      | Reached XP level 1. HP: 14/14 MP: 1/1
    76 | D:1      | Reached skill level 6 in Slings
    89 | D:1      | Reached XP level 2. HP: 4/19 MP: 2/2
   928 | D:1      | Reached XP level 3. HP: 24/24 MP: 3/3
  1614 | D:2      | Reached skill level 1 in Short Blades
  1614 | D:2      | Reached XP level 4. HP: 24/29 MP: 4/4
  1949 | D:2      | Found a faded altar of an unknown god.
  1953 | D:2      | Became a worshipper of Nemelex Xobeh the Trickster
  1953 | D:2      | Reached * piety under Nemelex Xobeh
  2028 | D:2      | Received a gift from Nemelex Xobeh
  2097 | D:2      | Reached XP level 5. HP: 35/35 MP: 5/5
  2530 | D:3      | Noticed an ice beast
  2551 | D:3      | Killed an ice beast
  2551 | D:3      | Reached skill level 7 in Slings
  2551 | D:3      | Reached XP level 6. HP: 41/41 MP: 6/6
  2752 | D:3      | Reached skill level 1 in Invocations
  3642 | D:4      | Reached XP level 7. HP: 40/45 MP: 8/8
  3756 | D:4      | Found a burning altar of Makhleb.
  3758 | D:4      | Found a blossoming altar of Fedhas.
  3758 | D:4      | Found a hazy altar of Hepliaklqana.
  3759 | D:4      | Found a hide-covered altar of Uskayaw.
  3783 | D:4      | Found a shimmering blue altar of Sif Muna.
  3785 | D:4      | Found a broken altar of Ashenzari.
  3786 | D:4      | Found a basalt altar of Yredelemnul.
  3911 | D:4      | Reached skill level 8 in Slings
  4012 | D:4      | Noticed Blork the orc
  4017 | D:4      | Killed Blork the orc
  4017 | D:4      | Reached XP level 8. HP: 52/52 MP: 9/9
  4195 | D:4      | Reached ** piety under Nemelex Xobeh
  4386 | D:5      | Entered Level 5 of the Dungeon
  4676 | D:5      | Reached skill level 5 in Short Blades
  4676 | D:5      | Reached skill level 9 in Slings
  4893 | D:5      | Found Geumeaso's Magic Scroll Emporium.
  4928 | D:5      | Bought a scroll of identify for 30 gold pieces
  4929 | D:5      | Bought a scroll of identify for 30 gold pieces
  6215 | D:6      | Noticed Sigmund
  6220 | D:6      | Killed Sigmund
  6220 | D:6      | Reached XP level 9. HP: 58/58 MP: 11/11
  6230 | D:6      | Noticed Menkaure
  6235 | D:6      | Killed Menkaure
  6235 | D:6      | Reached skill level 10 in Slings
  6244 | D:6      | Found a staircase to the Ecumenical Temple.
  6305 | D:6      | Noticed Grinder
  6337 | D:6      | Killed Grinder
  6337 | D:6      | Reached skill level 5 in Dodging
  6458 | D:6      | Noticed Maggie
  6470 | D:6      | Killed Maggie
  6470 | D:6      | Reached skill level 5 in Stealth
  6819 | D:6      | Found Jular's Gadget Emporium.
  6872 | D:7      | Noticed Harold
  7291 | D:8      | Noticed Prince Ribbit
  7291 | D:8      | Killed Prince Ribbit
  7459 | D:8      | Found the +3 robe of Folly {Archmagi, MR-- Int+5}
  7461 | D:8      | Found a sand-covered staircase.
  7478 | D:8      | Reached *** piety under Nemelex Xobeh
  7524 | Ossuary  | Entered an ossuary
  8207 | Ossuary  | Reached skill level 11 in Slings
  8212 | Ossuary  | Reached XP level 10. HP: 56/65 MP: 13/13
  8604 | D:8      | Found a transporter.
  8613 | D:8      | Found a transporter.
  8613 | D:8      | Noticed a two-headed ogre
  8861 | D:8      | You fall into a shaft and drop 1 floor!
  9105 | D:8      | Found a roughly hewn altar of Beogh.
  9210 | D:7      | Noticed a komodo dragon
 10259 | D:9      | HP: 1/65 [something (4)]
 10261 | D:9      | Slain by an unseen horror

Illustrated notes

Levels and vault maps discovered:
D:1:      minmay_arrival_shoal_huts, layout_basic, dk_noncrumbling_4
D:2:      layout_loops_ring, chequers_ecumenical_altar_grove
D:3:      layout_loops_ring
D:4:      layout_basic, minitemple, uniq_blork_the_orc
D:5:      layout_gridville, serial_shops, nicolae_shop_window_shopping
D:6:      layout_cave_pools, minmay_temple_entry_offerings, serial_shops,
          kennysheep_mini_moat, uniq_sigmund, uniq_menkaure, uniq_grinder,
          uniq_maggie
D:7:      layout_basic, minmay_lizard_king, uniq_harold
D:8:      gammafunk_beogh_shrine, layout_loops_ring, enter_ossuary_1,
          uniq_prince_ribbit1
D:9:      layout_roguey, david_orc_3, ebering_ghost_gozag, minmay_diamond_spiral

Skill      XL: |  1  2  3  4  5  6  7  8  9 10 |
---------------+-------------------------------+-----
Slings         | 6 7 8 9 11 | 11.7
Fighting       | 2 3 4 |  4.8
Stealth        | 2 3 4 5 6 |  6.2
Short Blades   | 1 2 3 4 6 7 8 |  8.3
Dodging        | 3 4 5 6 |  6.0
Invocations    | 1 2 3 4 |  4.9

Action                   |  1- 3 |  4- 6 |  7- 9 | 10-12 || total
-------------------------+-------+-------+-------+-------++-------
Melee: Short sword       |    22 |       |       |       ||    22
       Dagger            |    46 |    98 |   477 |   245 ||   866
 Fire: Hunting sling     |    20 |    60 |   133 |    44 ||   257
Invok: Draw Destruction  |       |     1 |     7 |       ||     8
       Draw Escape       |       |       |     1 |       ||     1
       Draw Summoning    |       |       |     1 |       ||     1
  Use: Scroll            |       |    11 |     9 |     2 ||    22
       Potion            |       |       |     1 |     2 ||     3
 Stab: Sleeping          |     1 |     1 |    24 |     6 ||    32
Armor: Leather armour    |     8 |    16 |     8 |       ||    32
       Steam dragon scal |       |       |    53 |    43 ||    96
Dodge: Dodged            |    49 |    81 |   291 |   141 ||   562

Table legend: (Time is in decaauts)
 A = Elapsed time spent in this place.
 B = Non-inter-level travel time spent in this place.
 C = Inter-level travel time spent in this place.
 D = Time resting spent in this place.
 E = Time spent auto-exploring this place.
 F = Levels seen in this place.
 G = Mean time per level.
                   A        B        C        D        E       F      G
               +--------+--------+--------+--------+--------+-----+--------+
         Total |   9887 |   9682 |    205 |   3417 |   3479 |  10 |  988.7 |
       Dungeon |   9030 |   8825 |    205 |   3160 |   3356 |   9 | 1003.3 |
       Ossuary |    856 |    856 |      0 |    257 |    123 |   1 |  856.0 |
               +--------+--------+--------+--------+--------+-----+--------+

Top non-repeatable levels by time:
     D:5: 1768 daAuts
     D:1: 1271 daAuts
     D:8: 1214 daAuts
     D:2: 1189 daAuts
     D:3: 1119 daAuts
 Ossuary: 856 daAuts
     D:6: 850 daAuts
     D:4: 748 daAuts
     D:9: 739 daAuts
     D:7: 129 daAuts
